 Dungeon Crawl Stone Soup version 0.19.5 (webtiles) character file.

76 Patchouli the Grasshopper (level 4, -4/23 HPs)
             Began as a Spriggan Warper on Mar 17, 2017.
             Killed by divine providence
             ... invoked by an orc priest
              (13 damage)
             ... on level 4 of the Dungeon.
             The game lasted 00:07:25 (919 turns).

Patchouli the Grasshopper (Spriggan Warper)          Turns: 919, Time: 00:07:26

Health: -4/23      AC:  2    Str:  7    XL:     4   Next: 12%
Magic:  8/10       EV: 19    Int: 15    God:
Gold:   68         SH:  0    Dex: 15    Spells: 2 memorised, 6 levels left

rFire  . . .     SeeInvis +     z - +0 dagger (flame)
rCold  . . .     Gourm    .     b - +0 robe
rNeg   . . .     Faith    .     (shield restricted)
rPois  .         Spirit   .     (helmet restricted)
rElec  .         Reflect  .     (no cloak)
rCorr  .         Harm     .     (gloves unavailable)
MR     .....                    (boots unavailable)
Stlth  ++........               (no amulet)
                                (no ring)
                                (no ring)

@: very quick
A: unfitting armour, see invisible, herbivore 3, speed 3, slow metabolism 2
a: no special abilities


You were on level 4 of the Dungeon.
You were not hungry.

You visited 1 branch of the dungeon, and saw 4 of its levels.

You collected 68 gold pieces.

Inventory:

Hand Weapons
 a - a +0 short sword
 n - a +1 mace of protection
 o - a +0 club
 x - a +2 mace of protection
 z - a +0 dagger of flaming (weapon)
Missiles
 e - a tomahawk of dispersal (quivered)
 r - 38 bolts
Armour
 b - a +0 robe (worn)
 s - a +2 cloak
Jewellery
 t - a +5 ring of intelligence {unknown}
Scrolls
 d - a scroll of blinking
 h - 4 scrolls of identify {unknown}
 j - a scroll of random uselessness {unknown}
 p - a scroll of magic mapping {unknown}
 u - a scroll of remove curse {unknown}
 y - a scroll of amnesia {unknown}
Potions
 i - a potion of curing {unknown}
 k - a potion of heal wounds {unknown}
 l - a potion of degeneration {unknown}
 m - a potion of flight {unknown}
 q - a potion of agility {unknown}
 v - a potion of haste {unknown}
 w - a potion of ambrosia {unknown}
Books
 c - a book of Spatial Translocations

   Spells                             Type                      Level
   a - Blink                          Translocation                2
   b - Shroud of Golubria             Charms/Translocation         2
   c - Lesser Beckoning               Translocation                3
   d - Portal Projectile              Translocation                3
   e - Teleport Other                 Translocation                3
   f - Passage of Golubria            Translocation                4
Comestibles
 f - 2 bread rations
 g - a slice of pizza


   Skills:
 + Level 2.1 Fighting
 * Level 2.8 Short Blades
 + Level 1.4 Throwing
 + Level 4.1 Dodging
 + Level 0.9 Stealth
 * Level 3.5 Spellcasting
 + Level 0.0 Charms
 + Level 4.7 Translocations


You had 6 spell levels left.
You knew the following spells:

 Your Spells              Type           Power        Failure   Level  Hunger
q - Blink                 Tloc           N/A          4%          2    ##.....
s - Shroud of Golubria    Chrm/Tloc      #.........   12%         2    ##.....


Dungeon Overview and Level Annotations

Branches:
Dungeon (4/15)
 Temple: D:4-7

Altars:


Innate Abilities, Weirdness & Mutations

You are very small and have problems with some larger weapons.
You are too small for most types of armour.
You have supernaturally acute eyesight. (SInv)
You are a herbivore.
You cover ground extremely quickly.
You need consume almost no food.


Message History

You hit the giant cockroach. You burn the giant cockroach.
The giant cockroach is severely wounded.
The giant cockroach misses you.
You hit the giant cockroach. You burn the giant cockroach.
You kill the giant cockroach!
You see here a giant cockroach corpse.
An adder comes into view.
An adder is nearby!
You see here a giant cockroach corpse.
Found a spear.
An orc comes into view. It is wielding a mace.
Your shroud begins to fray at the edges.
Your magical contamination has completely faded away.
Your shroud unravels.
An orc priest comes into view. It is wielding a short sword.
You see here a spear.
The orc priest mumbles some strange prayers to Beogh against you.
Beogh smites you!
Ouch! That really hurt!
You die...

..#####.#.###..
.. #......# .# ..
#.###.## .# #.#
## #.# ..# #.#
####...# #.# #...
.# #.###.####.#
#........@.#
###.#..)#####
........#.......#
.o..###+#.##.##.#
........o.##.#
.........##.# #
.........##.##.#
##.............#
#......###.####


You could see an orc priest.

Vanquished Creatures
  An orc wizard (D:4)
  2 adders
  A leopard gecko (D:1)
  An orc (D:4)
  5 bats
  5 giant cockroaches
  2 goblins (D:1)
  5 hobgoblins
  4 kobolds
  3 frilled lizards
  2 rats
31 creatures vanquished.

Notes
Turn   | Place    | Note
-------+----------+-------------------------------------------
     0 | D:1      | Patchouli the Spriggan Warper began the quest for the Orb.
     0 | D:1      | Reached XP level 1. HP: 10/10 MP: 5/5
    65 | D:1      | Reached XP level 2. HP: 7/15 MP: 7/7
    88 | D:1      | Learned a level 2 spell: Blink
    91 | D:1      | Learned a level 2 spell: Shroud of Golubria
   447 | D:2      | Reached XP level 3. HP: 14/18 MP: 2/8
   807 | D:4      | Reached XP level 4. HP: 4/23 MP: 8/10
   919 | D:4      | Killed from afar by an orc priest

Skill      XL: |  1  2  3 |
---------------+----------+-----
Spellcasting   | 3 |  3.5
Dodging        | 4 |  4.1
Fighting       | 2 |  2.1
Short Blades   | |  2.8
Throwing       | |  1.4
Stealth        | |  0.9
Translocations | |  4.7

Action                   |  1- 3 |  4- 6 || total
-------------------------+-------+-------++-------
Melee: Short sword       |   130 |       ||   130
       Dagger            |    16 |     7 ||    23
Throw: Tomahawk          |     1 |     3 ||     4
 Cast: Shroud of Golubri |    15 |     2 ||    17
       Blink             |     1 |       ||     1
 Stab: Sleeping          |     2 |       ||     2
Armor: Robe              |    22 |     1 ||    23
Dodge: Dodged            |   112 |     5 ||   117
